[Event "Team 45 45 League T44"]
[Site "Internet Chess Club"]
[Date "2010.02.19"]
[Round "3"]
[White "Tjet"]
[Black "tryanything"]
[Result "1/2-1/2"]
[WhiteElo "1532"]
[BlackElo "1541"]
[Opening "English opening"]
[ECO "A20"]
[Time "19:57:44"]
[TimeControl "2700+45"]

1. c4 e5 2. g3 Nc6 3. Bg2 Nf6 4. Nc3 Be7 5. e3 O-O 6. Nge2 d6 7. O-O Bd7 8. h3
Rb8 9. Kh2 a6 10. d4 exd4 11. exd4 b5 12. d5 Ne5 13. cxb5 axb5 14. Ne4 Nxe4 15.
Bxe4 f5 16. Bg2 Qe8 17. Nf4 Ng6 18. Nxg6 Qxg6 19. f4 Bf6 20. Rb1 Rfe8 21. Bf3
Re7 22. Re1 Qe8 23. Rxe7 Qxe7 24. Bd2 {Game drawn by mutual agreement} 1/2-1/2

[Event "Team 45 45 League T44"]
[Site "Internet Chess Club"]
[Date "2010.02.18"]
[Round "3"]
[White "smsxman"]
[Black "BishopMike"]
[Result "1-0"]
[WhiteElo "1516"]
[BlackElo "1522"]
[Opening "Sicilian defense"]
[ECO "B20"]
[Time "13:01:57"]
[TimeControl "2700+45"]

1. e4 c5 2. Bc4 Nc6 3. Nf3 e6 4. d4 cxd4 5. Nxd4 Ne5 6. O-O Nxc4 7. b3 Ne5 8.
Nc3 Bc5 9. Bf4 Ng6 10. Bg3 Qf6 11. Ncb5 e5 12. Nc7+ Kd8 13. Ndb5 Qc6 14. Qf3 f6
15. a4 a6 16. Nxa8 axb5 17. axb5 b6 18. bxc6 dxc6 19. b4 Bd4 20. c3 {Black
resigns} 1-0

[Event "Team 45 45 League T44"]
[Site "Internet Chess Club"]
[Date "2010.02.20"]
[Round "3"]
[White "anatolybcn"]
[Black "ilknight"]
[Result "0-1"]
[WhiteElo "1123"]
[BlackElo "1392"]
[Opening "Sicilian defense"]
[ECO "B20"]
[Time "18:00:12"]
[TimeControl "2700+45"]

1. e4 c5 2. Bc4 d6 3. h3 Nf6 4. d3 Nc6 5. a3 g6 6. c3 Bg7 7. Nf3 O-O 8. O-O e6
9. Re1 d5 10. exd5 Nxd5 11. Be3 Nxe3 12. Rxe3 Qb6 13. Qc2 Na5 14. a4 Nxc4 15.
dxc4 Bd7 16. Nbd2 Bh6 17. Ree1 Bxd2 18. Qxd2 Rfd8 19. Qc2 Qa6 20. b3 Bc6 21. Ne5
Rd6 22. Red1 Rad8 23. Re1 Rd2 24. Qc1 f5 25. Nf3 Bxf3 26. gxf3 Qc6 27. Kg2 R8d3
28. Re3 Rxe3 29. Qxd2 Qxf3+ 30. Kg1 Re2 31. Qd1 Qxf2+ {White resigns} 0-1

[Event "Team 45 45 League T44"]
[Site "Internet Chess Club"]
[Date "2010.02.18"]
[Round "3"]
[White "SCUGrad"]
[Black "Zappy"]
[Result "0-1"]
[WhiteElo "1441"]
[BlackElo "1503"]
[Opening "Two knights defense"]
[ECO "C59"]
[Time "19:00:17"]
[TimeControl "2700+45"]

1. e4 e5 2. Nf3 Nc6 3. Bc4 Nf6 4. Ng5 d5 5. exd5 Na5 6. Bb5+ c6 7. dxc6 bxc6 8.
Be2 h6 9. Nf3 e4 10. Ne5 Qd4 11. f4 Bc5 12. Rf1 O-O 13. c3 Qd8 14. b4 Bd6 15.
bxa5 Bxe5 16. fxe5 Nd7 17. Ba3 Re8 18. Rf4 Nxe5 19. Rxe4 Bf5 20. Re3 Qh4+ 21. g3
Qxh2 22. d3 Nxd3+ 23. Bxd3 Rxe3+ 24. Be2 Qxg3+ 25. Kf1 Bh3# {White checkmated}
0-1

[Event "Team 45 45 League T44"]
[Site "Internet Chess Club"]
[Date "2010.02.19"]
[Round "3"]
[White "zigzag2002"]
[Black "megarook"]
[Result "0-1"]
[WhiteElo "1325"]
[BlackElo "1384"]
[Opening "Sicilian"]
[ECO "B50"]
[Time "17:01:06"]
[TimeControl "2700+45"]

1. e4 c5 2. Nf3 d6 3. Bc4 h6 4. c3 Nf6 5. d3 Bg4 6. h3 Bh5 7. Nbd2 e6 8. O-O a6
9. a4 Nbd7 10. b4 Ne5 11. Bb3 Nxd3 12. Qc2 Nxc1 13. Raxc1 Rc8 14. b5 axb5 15.
axb5 Bg6 16. Ba4 b6 17. Nh4 Bh7 18. Rfe1 Be7 19. Rcd1 O-O 20. Qb3 Nxe4 21. Nxe4
Bxe4 22. Rxe4 Bxh4 23. Rd3 d5 24. Rg4 c4 25. Qd1 cxd3 26. g3 Bf6 27. Qxd3 Rxc3
28. Qd1 Qa8 29. Bc2 Rfc8 30. Qd2 Rxc2 31. Qxh6 Rc1+ {White resigns} 0-1

[Event "Team 45 45 League T44"]
[Site "Internet Chess Club"]
[Date "2010.02.19"]
[Round "3"]
[White "AlPearson"]
[Black "OneMissAllie"]
[Result "1-0"]
[WhiteElo "1428"]
[BlackElo "1286"]
[Opening "English opening"]
[ECO "A13"]
[Time "19:00:52"]
[TimeControl "2700+45"]

1. c4 e6 2. g3 d5 3. Bg2 c5 4. cxd5 exd5 5. d4 Nf6 6. Nc3 Qa5 7. Bd2 cxd4 8.
Nxd5 Qc5 9. Rc1 Qd6 10. Nc7+ Kd8 11. Qc2 Nc6 12. Nxa8 Be6 13. Bxc6 bxc6 14. Nf3
Bxa2 15. O-O Bd5 16. Bf4 Qe6 17. Nc7 Qh3 18. Nxd5 Nxd5 19. Qxc6 Nxf4 20. Qc7+
Ke8 21. Qxf4 Qd7 22. Qb8+ Ke7 23. Rc7 {Black resigns} 1-0

[Event "Team 45 45 League T44"]
[Site "Internet Chess Club"]
[Date "2010.02.21"]
[Round "3"]
[White "ryan2chess"]
[Black "TheronUAL"]
[Result "1-0"]
[WhiteElo "1447"]
[BlackElo "1510"]
[Opening "Caro-Kann: Steinitz variation"]
[ECO "B17"]
[Time "19:00:08"]
[TimeControl "2700+45"]

1. e4 c6 2. d4 d5 3. Nc3 dxe4 4. Nxe4 Nd7 5. Nf3 Ngf6 6. Nxf6+ Nxf6 7. Bg5 Bg4
8. h3 Bh5 9. Be2 e6 10. O-O Be7 11. a4 Nd5 12. Bxe7 Qxe7 13. a5 a6 14. c4 Nf4
15. Re1 Nxe2+ 16. Qxe2 O-O 17. d5 Bxf3 18. Qxf3 Rad8 19. Rad1 Qb4 20. dxe6 fxe6
21. Qe2 e5 22. Rxd8 Rxd8 23. Qxe5 Qxc4 24. Qc7 Rf8 25. Qxb7 Qf7 26. Qb6 h6 27.
Rf1 Qc4 28. Rd1 Qc2 29. Rd8 Qc1+ 30. Kh2 Qf4+ 31. g3 Qf6 32. Rxf8+ Qxf8 33. Qxc6
Qxf2+ 34. Qg2 Qc5 35. Qd2 Qe5 36. Kg2 Qe4+ 37. Kg1 Qb1+ 38. Kh2 Qf1 39. Qg2 Qb5
40. Qa8+ Kh7 41. Qe4+ Kg8 42. b4 Qa4 43. h4 Qb5 44. Kh3 Qd7+ 45. Qg4 Qb5 46. Qf3
Kh7 47. Qe4+ Kg8 48. Kg4 Qd7+ 49. Kf3 Qd1+ 50. Ke3 Qe1+ 51. Kf4 Qd2+ 52. Ke5
Qb2+ 53. Kd6 Qf6+ 54. Qe6+ Qxe6+ 55. Kxe6 Kf8 56. b5 axb5 57. a6 Ke8 58. a7
{Black resigns} 1-0

[Event "Team 45 45 League T44"]
[Site "Internet Chess Club"]
[Date "2010.02.20"]
[Round "3"]
[White "OOB1"]
[Black "BotanicalKnight"]
[Result "1-0"]
[WhiteElo "1573"]
[BlackElo "1586"]
[Opening "Caro-Kann: advance variation"]
[ECO "B12"]
[Time "11:10:04"]
[TimeControl "2700+45"]

1. e4 c6 2. d4 d5 3. e5 Bf5 4. c4 e6 5. Bd3 Bxd3 6. Qxd3 Bb4+ 7. Nc3 dxc4 8.
Qxc4 a5 9. a3 b5 10. Qd3 Bf8 11. Nh3 Nd7 12. Qe4 Ne7 13. Qf3 h6 14. Ne4 Nd5 15.
Nf4 Qb6 16. Be3 Nxe3 17. fxe3 Be7 18. Nd6+ Bxd6 19. exd6 O-O 20. O-O c5 21. dxc5
Qxc5 22. Rfd1 Rad8 23. Rac1 Qf5 24. e4 Qf6 25. Qf2 Qe5 26. Rd4 Nc5 27. Qe3 Nd7
28. Nd3 Qh5 29. b4 axb4 30. Rxb4 Rc8 31. Rbb1 Rfe8 32. e5 Qg5 33. Qxg5 hxg5 34.
Rxc8 Rxc8 35. Rxb5 Rc3 36. Rb7 Nf8 37. Ne1 Rxa3 38. Rc7 Ra8 39. Kf2 g6 40. Nf3
g4 41. Ng5 f5 42. exf6 Rd8 43. f7+ Kg7 44. Rc6 Kf6 45. Ne4+ Kxf7 46. Rc7+ Rd7
47. Kg3 Ke8 48. Nf6+ Kf7 {Black resigns} 1-0

[Event "Team 45 45 League T44"]
[Site "Internet Chess Club"]
[Date "2010.02.20"]
[Round "3"]
[White "The-Capitalist"]
[Black "chicopee-ed"]
[Result "1-0"]
[WhiteElo "1404"]
[BlackElo "1329"]
[Opening "Pirc: Ufimtsev-Pytel variation"]
[ECO "B07"]
[Time "15:00:21"]
[TimeControl "2700+45"]

1. e4 d6 2. d4 Nf6 3. Nc3 c6 4. f4 Qa5 5. Bd3 e5 6. Nf3 exd4 7. Nxd4 Qb6 8. Be2
Be7 9. O-O O-O 10. e5 dxe5 11. fxe5 Bc5 12. Be3 Nd5 13. Nxd5 cxd5 14. Rb1 Nc6
15. c3 Nxd4 16. cxd4 Be7 17. Bd3 Bd7 18. Rf2 Be6 19. Bf5 Rac8 20. Bxe6 fxe6 21.
Rxf8+ Rxf8 22. Qd2 Qa6 23. a3 b6 24. Qe1 Rc8 25. Qg3 Kh8 26. Bg5 Bxg5 27. Qxg5
Rf8 28. Qe7 Qc8 29. Rf1 Kg8 30. Rxf8+ Qxf8 31. Qxe6+ Qf7 32. Qc8+ Qf8 33. Qxf8+
Kxf8 34. Kf2 b5 35. Kf3 a5 36. Kf4 Ke7 37. h4 Ke6 38. g4 h6 39. g5 h5 40. g6 b4
41. axb4 axb4 42. Kg5 Ke7 43. Kxh5 b3 44. Kg5 Ke6 45. h5 Ke7 46. h6 gxh6+ 47.
Kxh6 Kf8 48. Kh7 Ke7 49. g7 {Black resigns} 1-0

[Event "Team 45 45 League T44"]
[Site "Internet Chess Club"]
[Date "2010.02.19"]
[Round "3"]
[White "guyd52"]
[Black "KingOfHearts"]
[Result "0-1"]
[WhiteElo "1303"]
[BlackElo "1318"]
[Opening "Réti opening"]
[ECO "A04"]
[Time "19:01:49"]
[TimeControl "2700+45"]

1. Nf3 Nc6 2. g3 e5 3. d3 Bc5 4. Bg2 d5 5. Nbd2 Nf6 6. O-O e4 7. dxe4 dxe4 8.
Ng5 Bf5 9. Ngxe4 Nxe4 10. Nxe4 Qxd1 11. Rxd1 Bb6 12. c3 O-O 13. b4 Rfe8 14. b5
Na5 15. Ng5 Rxe2 16. Rf1 Rae8 17. Bd5 Bg6 18. Be3 R8xe3 19. Nxf7 Rxc3 20. Ng5+
Kf8 21. Ne6+ Ke7 22. Nxg7 Rc5 23. Bf3 Rb2 24. a4 Kf7 25. Rad1 Kxg7 26. Rd7+ Kh6
27. Rd4 Rf5 28. Rh4+ Bh5 29. Kg2 Rg5 30. Bd1 c6 31. h3 Kg6 32. Bxh5+ Rxh5 33.
Rg4+ Rg5 34. Re4 Rf5 35. g4 Rfxf2+ 36. Rxf2 Rxf2+ 37. Kg3 cxb5 38. axb5 Kf6 39.
Kh4 Rb2 40. g5+ Kf5 41. Re7 Rxb5 42. Rxh7 Kg6 43. Rh6+ Kg7 44. Kh5 Be3 45. h4
Rb6 46. Rxb6 axb6 47. Kg4 b5 48. h5 Bxg5 49. Kxg5 Kh7 50. Kf4 b4 51. Ke3 b3 52.
Kd2 Kh6 53. Kc3 Kxh5 54. Kb2 Kg5 55. Kc3 Kf4 56. Kb2 Ke4 57. Kc3 b5 58. Kb2 Kd4
59. Kb1 Kc3 60. Kc1 Nc4 61. Kb1 Na3+ 62. Kc1 b2+ 63. Kd1 b1=Q+ 64. Ke2 Qd3+ 65.
Kf2 Kd2 66. Kg2 Ke2 67. Kg1 Qe3+ 68. Kg2 Qf3+ 69. Kg1 b4 70. Kh2 b3 71. Kg1 b2
72. Kh2 Nc4 73. Kg1 b1=Q+ 74. Kh2 Qbh1# {White checkmated} 0-1

[Event "Team 45 45 League T44"]
[Site "Internet Chess Club"]
[Date "2010.02.20"]
[Round "3"]
[White "kjs110"]
[Black "wekabird"]
[Result "0-1"]
[WhiteElo "1096"]
[BlackElo "1188"]
[Opening "Caro-Kann defense"]
[ECO "B10"]
[Time "22:18:35"]
[TimeControl "2700+45"]

1. e4 c6 2. Nf3 d5 3. e5 e6 4. d4 b6 5. c3 Ne7 6. Bd3 Ba6 7. Bxa6 Nxa6 8. Qd3
Nc7 9. a4 Ng6 10. g3 Be7 11. O-O O-O 12. h4 c5 13. h5 c4 14. Qc2 Nh8 15. h6 g6
16. Be3 f5 17. exf6 Rxf6 18. Ne5 Qe8 19. Bf4 Nf7 20. Nxf7 Rxf7 21. Bxc7 Qd7 22.
Be5 Bd6 23. Bxd6 Qxd6 24. Nd2 Rf5 25. g4 Rf4 26. f3 Qf8 27. Rae1 Re8 28. Re5
Qxh6 29. Rfe1 Qh3 30. Rxe6 Qg3+ 31. Kh1 Rxe6 32. Rxe6 Qf2 33. Re8+ Kf7 34. Rh8
Kg7 35. Ra8 Rxf3 36. Rxa7+ Kh6 37. g5+ Kxg5 38. Rxh7 Qe1+ 39. Kg2 Rf2+ 40. Kg3
Rxd2+ 41. Kh3 Rxc2 {White resigns} 0-1

[Event "Team 45 45 League T44"]
[Site "Internet Chess Club"]
[Date "2010.02.20"]
[Round "3"]
[White "Salvatore"]
[Black "rubo"]
[Result "1-0"]
[WhiteElo "1657"]
[BlackElo "1844"]
[Opening "Richter-Veresov attack"]
[ECO "D01"]
[Time "20:00:10"]
[TimeControl "2700+45"]

1. d4 Nf6 2. Nc3 d5 3. Bg5 Nbd7 4. Qd2 c6 5. f3 e6 6. e4 dxe4 7. fxe4 Be7 8. Nf3
O-O 9. O-O-O h6 10. Bh4 a6 11. e5 Nd5 12. Bxe7 Nxe7 13. Ne4 b5 14. g4 f5 15. Nd6
fxg4 16. Nh4 g5 17. Bd3 Kg7 18. Ng2 Nd5 19. Rdf1 Rf3 20. Rxf3 gxf3 21. Ne3 Qf8
22. h4 Qf4 23. Nxd5 Qxd2+ 24. Kxd2 cxd5 25. hxg5 hxg5 26. Rh7+ Kg8 27. Rh5 Nb6
28. Rxg5+ Kf8 29. b3 Bd7 30. Ke3 Bc6 31. Kxf3 Nc4 32. bxc4 bxc4 33. Bh7 Ke7 34.
Rg7+ Kf8 35. Rf7# {Black checkmated} 1-0

[Event "Team 45 45 League T44"]
[Site "Internet Chess Club"]
[Date "2010.02.20"]
[Round "3"]
[White "Portola"]
[Black "idjit"]
[Result "1-0"]
[WhiteElo "1806"]
[BlackElo "1669"]
[Opening "Giuoco Piano"]
[ECO "C50"]
[Time "19:51:02"]
[TimeControl "2700+45"]

1. e4 e5 2. Nf3 Nc6 3. Bc4 Bc5 4. a3 d6 5. h3 Nf6 6. d3 O-O 7. Nc3 Be6 8. Bg5 h6
9. Bh4 g5 10. Bg3 Nh5 11. Bh2 Nf4 12. Bxf4 exf4 13. Nd5 Nd4 14. c3 Nxf3+ 15.
Qxf3 c6 16. Nb4 Bxc4 17. dxc4 Qe7 18. O-O Rfe8 19. Rfe1 f5 20. exf5 Qxe1+ 21.
Rxe1 Rxe1+ 22. Kh2 Rf1 23. Nd3 Re8 24. Qh5 Ree1 25. Nxe1 Bxf2 26. Qg6+ Kf8 27.
Qxh6+ Ke8 28. Qe6+ Kd8 29. Qxd6+ Kc8 30. Qf8+ Kc7 31. Qe7+ Kb6 32. c5+ Ka5 33.
Qc7+ Ka6 34. h4 Rxe1 35. hxg5 Bg3+ 36. Kh3 Rh1+ 37. Kg4 Rh4+ 38. Kf3 Rh5 39. b4
Rxg5 40. Qa5# {Black checkmated} 1-0

[Event "Team 45 45 League T44"]
[Site "Internet Chess Club"]
[Date "2010.02.21"]
[Round "3"]
[White "Berke"]
[Black "g8wrb"]
[Result "0-1"]
[WhiteElo "1658"]
[BlackElo "1556"]
[Opening "French: Tarrasch, closed variation, main line"]
[ECO "C06"]
[Time "16:01:22"]
[TimeControl "2700+45"]

1. e4 e6 2. d4 d5 3. Nd2 Nf6 4. e5 Nfd7 5. Bd3 c5 6. c3 Nc6 7. Ne2 cxd4 8. cxd4
Be7 9. Nf3 f6 10. Nf4 Nb6 11. exf6 Bxf6 12. Be3 O-O 13. O-O Kh8 14. a3 Bd7 15.
Qc2 Rc8 16. Qb1 e5 17. dxe5 Bxe5 18. Nxe5 Nxe5 19. Bxh7 Qh4 20. Ng6+ Nxg6 21.
Bxg6 Rf6 22. Bxb6 Rxb6 23. b4 Qg5 24. Qd3 Rxg6 25. g3 {White resigns} 0-1

[Event "Team 45 45 League T44"]
[Site "Internet Chess Club"]
[Date "2010.02.21"]
[Round "3"]
[White "AtomicDog"]
[Black "milesotoole"]
[Result "0-1"]
[WhiteElo "1359"]
[BlackElo "1406"]
[Opening "Sicilian: accelerated fianchetto, modern variation with Bc4"]
[ECO "B35"]
[Time "08:04:33"]
[TimeControl "2700+45"]

1. e4 c5 2. Nf3 g6 3. d4 cxd4 4. Nxd4 Nc6 5. Nc3 Bg7 6. Be3 Nf6 7. Bc4 O-O 8.
Bb3 a5 9. a4 Ng4 10. O-O Nxe3 11. fxe3 Qb6 12. Qf3 e6 13. Nxc6 bxc6 14. Rad1 d5
15. exd5 cxd5 16. Nxd5 exd5 17. Bxd5 Ra7 18. b3 Bf5 19. Rf2 Rd8 20. Rfd2 Re8 21.
Bxf7+ Kxf7 22. Rd7+ Rxd7 23. Rxd7+ Kf8 24. Kh1 Qxe3 {White resigns} 0-1

[Event "Team 45 45 League T44"]
[Site "Internet Chess Club"]
[Date "2010.02.20"]
[Round "3"]
[White "powerchess1"]
[Black "pawnward"]
[Result "0-1"]
[WhiteElo "1720"]
[BlackElo "1620"]
[Opening "Dutch"]
[ECO "A80"]
[Time "14:15:42"]
[TimeControl "2700+45"]

1. d4 f5 2. Nf3 Nf6 3. Bf4 e6 4. e3 Be7 5. Bd3 Nc6 6. a3 a5 7. Nbd2 b6 8. Qe2
Bb7 9. h3 Nd5 10. Bh2 O-O 11. Ne5 Bd6 12. Nxc6 Bxc6 13. Bxd6 cxd6 14. e4 Re8 15.
O-O-O Nf4 16. Qf1 Nxd3+ 17. Qxd3 fxe4 18. Nxe4 d5 19. Nd6 Rf8 20. f3 Qg5+ 21.
Kb1 Qxg2 22. Rhg1 Qxf3 23. Qd2 Qf4 24. Qg2 g6 25. Qg3 Qxg3 26. Rxg3 Rf2 27. h4
Rh2 28. Rf1 Rf8 29. Rxf8+ Kxf8 30. Rf3+ Ke7 31. Nc8+ Kd8 32. Nd6 Rxh4 33. Nf7+
Kc7 34. Ne5 g5 35. Rf7 Rh1+ 36. Ka2 h5 37. Rg7 g4 38. Rg5 Rh3 39. c3 g3 40. Nf3
g2 41. Ng1 Rh1 42. Rxg2 h4 43. Nf3 Bb5 44. Rg7 h3 45. Rh7 Bd3 46. Rh4 Bf5 47.
Kb3 Rf1 48. Ng5 Rf2 49. Nf7 h2 50. Ne5 Be4 51. Ng4 a4+ 52. Kxa4 Rxb2 53. Ne3
h1=Q {White resigns} 0-1

[Event "Team 45 45 League T44"]
[Site "Internet Chess Club"]
[Date "2010.02.23"]
[Round "3"]
[White "maestrogaffney"]
[Black "BotanicalKnight"]
[Result "1-0"]
[WhiteElo "1642"]
[BlackElo "1572"]
[Opening "Dutch: classical variation"]
[ECO "A96"]
[Time "22:13:51"]
[TimeControl "2700+45"]

1. d4 f5 2. Nf3 e6 3. g3 Nf6 4. Bg2 Be7 5. c4 O-O 6. O-O d6 7. b3 Ne4 8. Bb2 Bf6
9. Nc3 Nxc3 10. Bxc3 Nc6 11. Rc1 e5 12. dxe5 dxe5 13. Qd5+ Kh8 14. Qc5 e4 15.
Rfd1 Qe7 16. Qxe7 Bxe7 17. Ne5 Nxe5 18. Bxe5 c6 19. Bd6 Bxd6 20. Rxd6 h6 21.
Rcd1 b5 22. Rxc6 bxc4 23. bxc4 Bb7 24. Rc7 Ba6 25. Rdd7 Rg8 26. Bh3 Rac8 27.
Bxf5 Rxc7 28. Rxc7 e3 {Black resigns} 1-0

[Event "Team 45 45 League T44"]
[Site "Internet Chess Club"]
[Date "2010.02.21"]
[Round "3"]
[White "ticopatzer"]
[Black "john-beebs"]
[Result "1-0"]
[WhiteElo "1637"]
[BlackElo "1508"]
[Opening "Ruy Lopez: Marshall counter-attack"]
[ECO "C89"]
[Time "15:00:44"]
[TimeControl "2700+45"]

1. e4 e5 2. Nf3 Nc6 3. Bb5 a6 4. Ba4 Nf6 5. O-O b5 6. Bb3 Be7 7. Re1 O-O 8. c3
d5 9. exd5 Nxd5 10. Nxe5 Nxe5 11. Rxe5 Bb7 12. d4 c6 13. Qh5 Nf6 14. Qf3 Bd6 15.
Re1 Qc7 16. Qh3 Bc8 17. Qh4 Ng4 18. h3 Nf6 19. Bg5 Nd5 20. Bc2 g6 21. Nd2 f6 22.
Bh6 Rf7 23. Re8+ Bf8 24. Ne4 Bb7 25. Rxa8 Bxa8 26. Bxf8 Rxf8 27. Re1 Kg7 28. Nc5
Nf4 29. g3 {Black resigns} 1-0

[Event "Team 45 45 League T44"]
[Site "Internet Chess Club"]
[Date "2010.02.28"]
[Round "3"]
[White "SlimeDog2"]
[Black "Klampin"]
[Result "0-1"]
[WhiteElo "2115"]
[BlackElo "2159"]
[Opening "QGD Slav: Krause attack"]
[ECO "D17"]
[Time "14:00:40"]
[TimeControl "2700+45"]

1. d4 d5 2. c4 c6 3. Nf3 Nf6 4. Nc3 dxc4 5. a4 Bf5 6. Ne5 Nbd7 7. Nxc4 Qc7 8. f3
e5 9. e4 exd4 10. Ne2 Be6 11. Bf4 Bb4+ 12. Kf2 Qd8 13. Nxd4 Bxc4 14. Bxc4 Qb6
15. Be3 Bc5 16. Bb3 a5 17. Re1 O-O-O 18. Nf5 Ne5 19. Qc2 Neg4+ 20. fxg4 Nxg4+
21. Kf3 Ne5+ 22. Kf2 Bxe3+ 23. Nxe3 Nd3+ 24. Kg1 f6 25. Kh1 Nxe1 26. Rxe1 Qb4
27. Re2 Rhe8 28. Nd5 Qd4 29. h3 Kb8 30. Nf4 Qe5 31. Nd3 Qg3 32. Nc5 b6 33. Na6+
Kb7 34. Bc4 Re5 35. b4 Qf4 36. b5 c5 37. Kg1 Re7 38. Bd5+ Kc8 39. Qc4 Qe5 40.
Rc2 Qg3 41. Rc3 Qd6 42. Rd3 Qe5 43. Rc3 Qd6 44. Qf1 Qe5 45. Qc1 Red7 46. Qe3 Re7
47. Qg3 f5 48. Qxe5 Rxe5 49. Rc4 fxe4 50. Bxe4 Rd4 51. Rxd4 cxd4 52. Bxh7 Re2
53. Kf1 Ra2 54. Bd3 Rxa4 55. Ke2 Ra2+ 56. Kf3 Rb2 57. Ke4 a4 58. Kxd4 a3 59. Kc3
Rxg2 60. Bf5+ Kd8 61. Nb4 a2 62. Nxa2 Rxa2 63. Kc4 Rd2 64. Bg4 Ke7 65. Kc3 Rd6
66. Kc4 Kf6 {White resigns} 0-1

[Event "Team 45 45 League T44"]
[Site "Internet Chess Club"]
[Date "2010.02.27"]
[Round "3"]
[White "superbeast"]
[Black "ToffeePudding"]
[Result "1/2-1/2"]
[WhiteElo "1841"]
[BlackElo "2002"]
[Opening "English: Caro-Kann defensive system"]
[ECO "A11"]
[Time "12:00:20"]
[TimeControl "2700+45"]

1. c4 c6 2. g3 d5 3. Bg2 Nf6 4. Nf3 dxc4 5. Qc2 b5 6. b3 cxb3 7. axb3 e6 8. O-O
Bb7 9. d4 Be7 10. Rd1 O-O 11. Ne5 Nd5 12. Nc3 a6 13. Ne4 f6 14. Nd3 Nd7 15. Nec5
Nxc5 16. Nxc5 Bxc5 17. dxc5 Qe7 18. Bd2 Rad8 19. e4 Nc7 20. b4 e5 21. f4 Ne6 22.
Be3 Rxd1+ 23. Rxd1 Rd8 24. Rxd8+ Qxd8 25. Qb3 Qe7 26. f5 Bc8 27. Bh3 Kf7 28. Kf2
g6 29. fxe6+ Bxe6 30. Bxe6+ Qxe6 31. Qxe6+ Kxe6 32. g4 {Game drawn by mutual
agreement} 1/2-1/2

[Event "Team 45 45 League T44"]
[Site "Internet Chess Club"]
[Date "2010.02.20"]
[Round "3"]
[White "screamingeagle"]
[Black "King96"]
[Result "1-0"]
[WhiteElo "2033"]
[BlackElo "1689"]
[Opening "Sicilian: closed"]
[ECO "B24"]
[Time "21:13:21"]
[TimeControl "2700+45"]

1. e4 c5 2. Nc3 Nc6 3. g3 g6 4. Bg2 Bg7 5. d3 Rb8 6. Be3 b5 7. Qd2 Nd4 8. Nge2
Nxe2 9. Qxe2 d6 10. O-O b4 11. Nd1 Nf6 12. h3 Qc7 13. f4 a5 14. g4 e6 15. f5 e5
16. g5 Nd7 17. f6 Bf8 18. Bd2 h5 19. Ne3 Nb6 20. c3 Ba6 21. cxb4 axb4 22. a3
bxa3 23. Rxa3 Bb5 24. Ba5 Qb7 25. Rfa1 Rc8 26. Qc2 c4 27. dxc4 Nxc4 28. Rc3 d5
29. Nxd5 Bc5+ 30. Kh1 Bd4 31. Bb4 Bxc3 32. bxc3 Bc6 33. Ne7 Rd8 34. Qe2 Nd6 35.
Rd1 Nc8 36. Nd5 Nb6 37. Qe3 Nc4 38. Qc5 Nd6 39. Ba5 Rd7 40. Nc7+ Rxc7 41. Bxc7
Qxc7 42. Rxd6 O-O 43. Rxc6 Qb7 44. Rc7 Qb8 45. Qxe5 Re8 46. Qd6 Rd8 47. Qe7 Rf8
48. e5 Qb1+ 49. Kh2 Qc1 50. Qb4 Re8 51. e6 Rxe6 52. Rc8+ Kh7 53. Rh8+ Kxh8 54.
Qf8+ Kh7 55. Qg7# {Black checkmated} 1-0

[Event "Team 45 45 League T44"]
[Site "Internet Chess Club"]
[Date "2010.02.19"]
[Round "3"]
[White "vaknight"]
[Black "pixel-pusher"]
[Result "1-0"]
[WhiteElo "1710"]
[BlackElo "1731"]
[Opening "Bird's opening"]
[ECO "A03"]
[Time "21:00:16"]
[TimeControl "2700+45"]

1. f4 d5 2. Nf3 c5 3. e3 Bg4 4. Be2 e6 5. O-O Bxf3 6. Bxf3 Nc6 7. b3 Nf6 8. Bb2
Be7 9. d3 b5 10. Nd2 Qb6 11. a4 bxa4 12. Rxa4 O-O 13. Kh1 Nd7 14. e4 Bf6 15.
Bxf6 Nxf6 16. Qa1 Nd4 17. Bd1 Rfd8 18. Qa2 dxe4 19. dxe4 Qb7 20. c3 Nb5 21. Qc2
Rd7 22. Bf3 Rad8 23. e5 Nd5 24. Ne4 Ne3 25. Nd6 Qxf3 26. gxf3 Nxc2 27. Nxb5 Ne3
28. Rg1 Rd1 29. Nd6 Rxg1+ 30. Kxg1 Rd7 31. b4 cxb4 32. Rxb4 g6 33. c4 Rc7 34.
Rb8+ {Black resigns} 1-0

[Event "Team 45 45 League T44"]
[Site "Internet Chess Club"]
[Date "2010.02.21"]
[Round "3"]
[White "Paulkov"]
[Black "Geeloo"]
[Result "1-0"]
[WhiteElo "2126"]
[BlackElo "2112"]
[Opening "Ruy Lopez: Schliemann defense, Berger variation"]
[ECO "C63"]
[Time "12:00:41"]
[TimeControl "2700+45"]

1. e4 e5 2. Nf3 Nc6 3. Bb5 f5 4. Nc3 fxe4 5. Nxe4 d5 6. Ng3 Bg4 7. h3 Bxf3 8.
Qxf3 Nf6 9. O-O Bd6 10. Nh5 O-O 11. Nxf6+ Qxf6 12. Qxd5+ Rf7 13. Bc4 Rf8 14. Qe4
{Black resigns} 1-0

[Event "Team 45 45 League T44"]
[Site "Internet Chess Club"]
[Date "2010.02.18"]
[Round "3"]
[White "spunni"]
[Black "chsrules88"]
[Result "1-0"]
[WhiteElo "1879"]
[BlackElo "1987"]
[Opening "Three knights game"]
[ECO "C46"]
[Time "14:46:28"]
[TimeControl "2700+45"]

1. e4 e5 2. Nf3 Nc6 3. Nc3 Bc5 4. Nxe5 Nxe5 5. d4 Bd6 6. dxe5 Bxe5 7. f4 Bxc3+
8. bxc3 Nf6 9. e5 Ne4 10. Qd5 f5 11. Bd3 c6 12. Qd4 Qh4+ 13. g3 Qh5 14. Bxe4
fxe4 15. Ba3 Qf3 16. Rf1 Qg2 17. Qd6 Kf7 18. Qe7+ Kg6 19. f5+ Kh6 20. Qh4#
{Black checkmated} 1-0

[Event "Team 45 45 League T44"]
[Site "Internet Chess Club"]
[Date "2010.02.23"]
[Round "3"]
[White "charles-allen"]
[Black "bogolijubov"]
[Result "1-0"]
[WhiteElo "1888"]
[BlackElo "1841"]
[Opening "Scandinavian: Marshall variation"]
[ECO "B01"]
[Time "17:10:18"]
[TimeControl "2700+45"]

1. e4 d5 2. exd5 Nf6 3. d4 Nxd5 4. Nf3 g6 5. Bd3 Bg7 6. c3 O-O 7. O-O Nc6 8. Bg5
Qd6 9. Nbd2 Nb6 10. Re1 e5 11. Ne4 Qd7 12. Nf6+ Bxf6 13. Bxf6 exd4 14. Nxd4 Nd5
15. Bg5 Nxd4 16. cxd4 b6 17. Qd2 Bb7 18. Rac1 Rfe8 19. Be4 f5 20. Bxd5+ Qxd5 21.
f3 Rxe1+ 22. Rxe1 c5 23. Re7 cxd4 24. Qe1 d3 25. Re8+ Rxe8 26. Qxe8+ Kg7 27.
Qe7+ Qf7 28. Bh6+ Kg8 29. Qd8+ {Black resigns} 1-0

[Event "Team 45 45 League T44"]
[Site "Internet Chess Club"]
[Date "2010.02.20"]
[Round "3"]
[White "CapitanTrueno"]
[Black "Constrictor"]
[Result "1/2-1/2"]
[WhiteElo "1744"]
[BlackElo "1864"]
[Opening "Caro-Kann: classical, Spassky variation"]
[ECO "B18"]
[Time "12:00:50"]
[TimeControl "2700+45"]

1. e4 c6 2. d4 d5 3. Nd2 dxe4 4. Nxe4 Bf5 5. Ng3 Bg6 6. Nf3 Nd7 7. h4 h6 8. h5
Bh7 9. Bd3 Bxd3 10. Qxd3 Qc7 11. Bd2 Ngf6 12. O-O-O e6 13. Kb1 O-O-O 14. Ne4
Nxe4 15. Qxe4 Nf6 16. Qe2 Bd6 17. c4 c5 18. Bc3 a6 19. Nd2 cxd4 20. Bxd4 Bc5 21.
Bc3 Qf4 22. f3 Qg5 23. g4 Qf4 24. Be5 Qe3 25. Qxe3 Bxe3 26. Nb3 Rxd1+ 27. Rxd1
Rd8 28. Rxd8+ Kxd8 29. Kc2 Bg5 30. Kd3 Ne8 31. Nc5 Kc8 32. Ne4 Be7 33. b3 Kd7
34. Bd4 Kc6 35. Be5 f6 36. Bd4 Nc7 37. Bb2 e5 38. Ng3 Ne6 39. Ke4 Ng5+ 40. Ke3
Ne6 {Game drawn by mutual agreement} 1/2-1/2

[Event "Team 45 45 League T44"]
[Site "Internet Chess Club"]
[Date "2010.02.21"]
[Round "3"]
[White "wbanks"]
[Black "SugarIslander"]
[Result "1-0"]
[WhiteElo "1615"]
[BlackElo "1638"]
[Opening "Caro-Kann: classical variation"]
[ECO "B18"]
[Time "12:00:13"]
[TimeControl "2700+45"]

1. e4 c6 2. d4 d5 3. Nc3 dxe4 4. Nxe4 Bf5 5. Ng3 Bg6 6. Nf3 e6 7. Bd3 Nd7 8. O-O
Bd6 9. c4 Ne7 10. b3 O-O 11. Bb2 Rc8 12. Ne4 Bxe4 13. Bxe4 Nf6 14. Bc2 b6 15.
Qd3 Ng6 16. Rfe1 Re8 17. Rad1 Rc7 18. Ne5 Nd7 19. Qf3 Qf6 20. Qh3 Qh4 21. Qxh4
Nxh4 22. Re3 Bxe5 23. dxe5 Ng6 24. g3 Ndf8 25. Be4 c5 26. f4 Ne7 27. Red3 Nc6
28. a3 g6 29. g4 Ree7 30. Kf2 Red7 31. Rxd7 Nxd7 32. Bxc6 Nxe5 33. Rd8+ Kg7 34.
Bxe5+ f6 35. Bxc7 {Black resigns} 1-0